 Dungeon Crawl Stone Soup version 0.26-a0-651-gb41185065b (webtiles) character file.

Game seed: 8787666245764582588

132900 Flugslaktarn the Severer (level 16, -3/164 HPs)
             Began as a Deep Dwarf Fighter on Oct 9, 2020.
             Was the Champion of Makhleb.
             Slain by a 19-headed hydra (5 damage)
             ... on level 3 of the Swamp.
             The game lasted 00:12:14 (14925 turns).

Flugslaktarn the Severer (Deep Dwarf Fighter)      Turns: 14925, Time: 00:12:15

Health: -3/164     AC: 32    Str: 27    XL:     16   Next: 28%
Magic:  6/6 (9)    EV: 12    Int: 11    God:    Makhleb [******]
Gold:   1244       SH: 17    Dex: 17    Spells: 15/15 levels left

rFire    . . .     SeeInvis +   A - +2 broad axe "Bopsui" {antimagic, rPois rC+ MP+9}
rCold    + + .     Faith    .   e - +0 tower shield
rNeg     + . .     Spirit   .   p - +8 chain mail of the Blind Marksman {+Fly Str+7}
rPois    +         Reflect  .   K - +0 hat {SInv}
rElec    .         Harm     .   f - +2 cloak {MR+}
rCorr    .         Rampage  .   M - +2 pair of gloves {archery}
MR       +++++                  I - +2 pair of boots
Stlth    ..........             (no amulet)
HPRegen  0.00/turn              m - ring of protection from magic
MPRegen  0.10/turn              i - ring of protection from magic

@: non-regenerating
A: damage resistance, heal wounds, rugged brown scales 1, cold resistance 1,
negative energy resistance 1, sense surroundings 2, subdued magic 1, no
regeneration
}: 1/15 runes: serpentine
a: Heal Wounds, Minor Destruction, Lesser Servant of Makhleb, Major Destruction,
Greater Servant of Makhleb, Renounce Religion, Evoke Flight


You were on level 3 of the Swamp.
You worshipped Makhleb.
Makhleb was exalted by your worship.
You visited 5 branches of the dungeon, and saw 26 of its levels.
You also visited: Ossuary and Ice Cave.

You collected 1894 gold pieces.
You spent 650 gold pieces at shops.

Inventory:

Hand Weapons
 a - a +1 war axe
 j - a +2 spear of distortion
   (You took it off a gnoll sergeant on level 10 of the Dungeon)
 A - the +2 broad axe "Bopsui" (weapon) {antimagic, rPois rC+ MP+9}
   (You bought it in a shop on level 7 of the Dungeon)

   It reduces the magical energy of the wielder, and disrupts the spells and
   magical abilities of those hit.
   Natural abilities and divine invocations are not affected.
   It protects you from cold.
   It protects you from poison.
   It affects your magic capacity (+9).
Missiles
 u - 2 throwing nets (quivered)
Armour
 e - a +0 tower shield (worn)
   (You took it off Louise on level 15 of the Dungeon)
 f - a +2 cloak of magic resistance (worn)
   (You found it on level 7 of the Dungeon)
 p - the +8 chain mail of the Blind Marksman (worn) {+Fly Str+7}
   (You found it on level 4 of the Dungeon)

   It affects your strength (+7).
   It lets you fly.
 I - a +2 pair of boots (worn)
   (You found it on level 8 of the Dungeon)
 K - a +0 hat of see invisible (worn)
   (You found it in an ice cave)
 M - a +2 pair of gloves of archery (worn)
   (You bought it in a shop on level 14 of the Dungeon)
 N - a scarf of resistance
   (You bought it in a shop on level 14 of the Dungeon)
Jewellery
 c - an uncursed ring of wizardry {unknown}
   (You found it on level 1 of the Snake Pit)
 i - a ring of protection from magic (right hand)
   (You found it on level 2 of the Lair of Beasts)
 m - a ring of protection from magic (left hand)
   (You found it on level 9 of the Dungeon)
 B - an uncursed amulet of faith {unknown}
   (You found it on level 1 of the Snake Pit)
 O - a +6 ring of strength {unknown}
   (You found it on level 1 of the Snake Pit)
Wands
 g - a wand of digging (7)
   (You took it off Nessos on level 13 of the Dungeon)
 s - a wand of iceblast (36)
   (You found it on level 11 of the Dungeon)
 D - a wand of paralysis (11)
   (You found it on level 7 of the Dungeon)
 L - a wand of acid (10)
   (You found it on level 10 of the Dungeon)
 U - a wand of enslavement (12)
   (You found it on level 4 of the Snake Pit)
Scrolls
 b - a scroll of summoning
 l - 7 scrolls of magic mapping
 r - 4 scrolls of identify
 t - 12 scrolls of teleportation
 x - 8 scrolls of remove curse
 y - 2 scrolls of enchant weapon
 z - 3 scrolls of blinking
 C - 4 scrolls of fear
 J - 2 scrolls of fog
 P - 2 scrolls of enchant armour
 Q - a scroll of torment
 R - a scroll of immolation
 S - a scroll of holy word
Potions
 d - 2 potions of might
 h - 3 potions of haste
 k - 2 potions of cancellation
 n - a potion of resistance
 o - 4 potions of mutation
 q - 8 potions of curing
 v - 4 potions of flight
 w - 2 potions of berserk rage
 E - 3 potions of magic
 G - 4 potions of lignification
 H - 3 potions of invisibility
 T - a potion of ambrosia {unknown}
Miscellaneous
 F - a condenser vane (inert)
   (You found it on level 15 of the Dungeon)


   Skills:
 * Level 14.4 Fighting
 * Level 16.5 Axes
 + Level 12.4 Armour
 + Level 10.3 Dodging
 - Level 7.5 Shields
 + Level 12.6 Invocations
 - Level 10.0 Evocations


You had 15 spell levels left.
You didn't know any spells.
Your spell library was empty.

Dungeon Overview and Level Annotations

Branches:
Dungeon (15/15)            Temple (1/1) D:7            Lair (3/6) D:9
  Swamp (3/4) Lair:3        Snake (4/4) Lair:3          Orc (0/2) D:10
 Vaults (0/5) D:14         Depths (0/5) D:15        Ossuary (visited)
  IceCv (visited)

Altars:
Ashenzari
Cheibriados
Dithmenos
Elyvilon
Fedhas
Hepliaklqana
Kikubaaqudgha
Makhleb
Nemelex Xobeh
Okawaru
Qazlal
Sif Muna
Trog
Uskayaw
Vehumet
Xom
Yredelemnul
Zin
The Shining One

Shops:
D:7 (   D:14 [

Annotations:
D:5 3 runed translucent doors, kae's ghost, amateur DrTm; tof's ghost, novice TrMo
D:6 1 runed translucent door
D:14 2 transporters, Afeymn's ghost, journeyman BaFi
Swamp:3 Nikola


Innate Abilities, Weirdness & Mutations

You are resistant to damage.
You can heal yourself by infusing magical energy.
You resist negative energy. (rN+)
You passively map the area around you.
You do not regenerate.
You are partially covered in rugged brown scales. (AC +1, +3% HP)
Your flesh is cold resistant. (rC+)
Your spells are a little easier to cast, but a little less powerful.


Message History

You hack one of the 18-headed hydra's heads off!
The 17-headed hydra grows two more!
You hit the 19-headed hydra.
The 19-headed hydra is lightly wounded.
Your neqoxec hits Nikola! The 19-headed hydra bites you.
You block the 19-headed hydra's attack.
The 19-headed hydra bites you but does no damage. x2
You block the 19-headed hydra's attack. The 19-headed hydra bites you.
* * * LOW HITPOINT WARNING * * *
The 19-headed hydra misses you. The 19-headed hydra closely misses you.
The 19-headed hydra bites you but does no damage.
You block the 19-headed hydra's attack. The 19-headed hydra closely misses you.
The 19-headed hydra bites you!
* * * LOW HITPOINT WARNING * * *
The 19-headed hydra closely misses you.
The 19-headed hydra bites you but does no damage.
The 19-headed hydra bites you.
* * * LOW HITPOINT WARNING * * *
The 19-headed hydra bites you but does no damage.
The 19-headed hydra misses you. The 19-headed hydra bites you.
You die...

** ≈ ,,≈ , , ≈
≈≈≈.≈≈≈..§≈≈. ≈
, ≈
≈≈.≈≈≈≈≈..≈. *
≈ , ,≈≈≈≈≈§≈...
, , ♣♣.≈≈≈≈...
, ♣♣♣..♣≈≈≈.♣ ,
≈ ≈
*♣....5≈≈≈≈♣*≈
≈ *
♣..♣♣.§3§§§♣♣ ,
, ,≈
..≈≈≈≈§@5D@.♣*
, ,
≈≈.≈≈≈≈≈§§§§♣.♣
, ≈≈
.≈≈♣≈≈§§§≈≈.♣ ≈
.♣≈..§♣♣≈≈≈≈≈♣
≈, , * ≈≈≈.♣♣
♣♣≈≈≈≈♣ **,, *
,≈≈≈.* ♣≈.≈.>.
, ** ..≈
♣♣≈.♣.≈≈* , * ≈
, ≈≈ ≈≈≈≈≈≈ * ,
,, * ≈ ,


You could see Nikola (extremely poisoned, misshapen), a 19-headed hydra, a
friendly neqoxec (summoned), a friendly iron imp (summoned) and a friendly
ufetubus (summoned).

Vanquished Creatures
  6 nagarajas
  Louise (D:15)
  Nessos (D:13)
  2 fire dragons (D:15)
  Josephine (D:12)
  2 hydras
  A ghost crab (Swamp:2)
  7 naga warriors
  Harold (D:11)
  4 vault guards (D:14)
  6 centaur warriors
  An ogre mage (D:15)
  6 anacondas
  8 two-headed ogres
  2 alligators (Swamp:1)
  A tengu warrior (D:15)
  The ghost of Ozzies the Fighter, a novice TrMo of Ru (D:7)
  Urug (D:11)
  A shock serpent (Snake:1)
  8 naga sharpshooters
  4 skeletal warriors (D:11)
  2 unseen horrors
  2 naga ritualists
  A wizard (D:15)
  2 deep elf magi
  A necromancer (IceCv)
  2 wolf spider zombies (D:15)
  2 orc knights
  7 mana vipers
  13 ugly things
  7 salamanders
  A moth of wrath (D:7)
  4 manticores
  5 cyclopes
  6 guardian serpents
  7 naga magi
  10 black mambas
  2 cane toads
  A torpor snail (Lair:2)
  An ice statue (IceCv)
  2 rime drakes
  2 gargoyles
  A kobold demonologist (D:13)
  5 komodo dragons
  13 freezing wraiths
  8 trolls
  Prince Ribbit (D:6)
  3 bog bodies
  7 hippogriffs
  A wolf spider simulacrum (D:15)
  5 slime creatures (D:12)
  4 shadows
  5 wraiths
  A vampire (D:11)
  3 wyverns
  A basilisk (Lair:3)
  13 yaks
  A death yak simulacrum (IceCv)
  A steam dragon (D:8)
  A two-headed ogre zombie (D:10)
  Menkaure (D:4)
  2 acid dragons
  8 vampire mosquitoes
  2 soldier ants (D:12)
  38 nagas
  Duvessa (D:5)
  7 water moccasins
  8 swamp worms
  4 porcupines
  11 ice beasts
  2 sky beasts
  2 black bears
  2 phantoms (D:10)
  3 swamp drakes
  4 eyes of draining
  18 orc warriors
  15 ogres
  7 wolves
  A necrophage (D:14)
  13 centaurs
  8 crocodiles
  16 bullfrogs
  A big kobold (D:8)
  2 gnoll sergeants
  A water moccasin zombie (D:11)
  Dowan (D:5)
  8 scorpions
  9 wights
  2 howler monkeys (D:14)
  3 electric eels
  4 draconian simulacra (IceCv)
  2 quasits
  4 centaur zombies
  3 bullfrog zombies
  A jelly (D:5)
  10 orc priests
  A wyvern simulacrum (D:15)
  11 hounds
  3 human zombies (Ossuary)
  3 centaur skeletons
  3 bullfrog skeletons
  5 iguanas
  10 orc wizards
  Natasha (thrice) (D:4)
  8 worker ants
  6 troll simulacra (IceCv)
  2 spriggan simulacra (IceCv)
  3 wolf simulacra (IceCv)
  7 ogre zombies (D:10)
  A big kobold zombie (Ossuary)
  4 centaur simulacra (IceCv)
  2 hound skeletons
  3 mummies
  4 worker ant zombies
  15 adders
  11 gnolls
  2 ogre simulacra (IceCv)
  2 naga simulacra (IceCv)
  A shadow imp (D:8)
  15 white imps
  An ufetubus (D:6)
  2 adder zombies
  3 dart slugs (D:1)
  64 orcs
  A ball python (D:7)
  4 bats
  5 giant cockroaches
  3 hobgoblins
  9 jackals
  3 quokkas
  2 frilled lizards
  A goblin skeleton (D:10)
  4 goblin zombies
  3 hobgoblin skeletons (D:10)
  15 hobgoblin zombies
  2 jackal skeletons (D:4)
  2 jackal zombies
  11 kobolds
  7 kobold zombies (Ossuary)
  2 leopard gecko zombies
  3 orc skeletons (D:10)
  24 orc zombies
  A rat (D:1)
  A rat zombie (Ossuary)
  A spectral orc (D:4)
742 creatures vanquished.

Vanquished Creatures (collateral kills)
  4 nagarajas (Snake:4)
  A naga warrior (Snake:4)
  4 hydras
  A centaur warrior (D:15)
  An alligator (Swamp:3)
  2 naga sharpshooters (Snake:4)
  A mana viper (Snake:4)
  A deep elf mage (D:15)
  A guardian serpent (Snake:4)
  A gargoyle (D:14)
  A yaktaur (shapeshifter) (D:15)
  A tyrant leech (Swamp:2)
  A vampire mosquito (D:15)
  3 nagas (Snake:4)
  An acid dragon (D:14)
  An ice beast (D:15)
  2 centaurs (D:15)
  A howler monkey (D:14)
28 creatures vanquished.

Vanquished Creatures (others)
  A black mamba (Snake:1)
  A naga (Snake:1)
  34 fungi
  48 plants
  7 withered plants
91 creatures vanquished.

Grand Total: 861 creatures vanquished

Notes
Turn   | Place    | Note
-------+----------+-------------------------------------------
     0 | D:1      | Flugslaktarn the Deep Dwarf Fighter began the quest for the
                  | Orb.
     0 | D:1      | Reached XP level 1. HP: 20/20 MP: 1/1
   115 | D:1      | Reached XP level 2. HP: 25/27 MP: 0/2
   254 | D:2      | Reached XP level 3. HP: 26/34 MP: 3/3
   287 | D:2      | Reached skill level 3 in Axes
   410 | D:4      | Noticed Menkaure
   415 | D:4      | Killed Menkaure
   415 | D:4      | Reached skill level 4 in Axes
   415 | D:4      | Reached XP level 4. HP: 25/44 MP: 4/4
   415 | D:4      | Reached XP level 5. HP: 29/50 MP: 5/5
   534 | D:4      | Noticed Natasha
   540 | D:4      | Killed Natasha
   586 | D:4      | Found a basalt altar of Yredelemnul.
   650 | D:4      | Got a brightly glowing chain mail
   661 | D:4      | Identified the +8 chain mail of the Blind Marksman {+Fly
                  | Str+7} (You found it on level 4 of the Dungeon)
   678 | D:4      | Found a white marble altar of Elyvilon.
   725 | D:4      | Noticed Natasha
   739 | D:4      | Killed Natasha
   739 | D:4      | Reached XP level 6. HP: 47/57 MP: 5/5
   825 | D:4      | Noticed Natasha
   831 | D:4      | Killed Natasha
   997 | D:5      | Entered Level 5 of the Dungeon
  1020 | D:5      | Reached skill level 5 in Axes
  1020 | D:5      | Reached XP level 7. HP: 25/66 MP: 6/6
  1220 | D:5      | Reached skill level 5 in Fighting
  1237 | D:5      | Noticed kae's ghost (amateur DrTm)
  1237 | D:5      | Noticed tof's ghost (novice TrMo)
  1238 | D:5      | Found a runed translucent gate.
  1238 | D:5      | Found a runed translucent gate.
  1238 | D:5      | Found a runed translucent gate.
  1255 | D:5      | Noticed Duvessa
  1255 | D:5      | Noticed Dowan
  1263 | D:5      | Killed Duvessa
  1263 | D:5      | Reached skill level 5 in Armour
  1263 | D:5      | Reached skill level 5 in Shields
  1277 | D:5      | Killed Dowan
  1530 | D:5      | Reached skill level 6 in Axes
  2032 | D:6      | Reached XP level 8. HP: 70/75 MP: 5/5
  2099 | D:6      | Found a hazy altar of Hepliaklqana.
  2198 | D:6      | Noticed Prince Ribbit
  2207 | D:6      | Killed Prince Ribbit
  2279 | D:6      | Reached skill level 7 in Axes
  2692 | D:6      | Found a glowing golden altar of the Shining One.
  2692 | D:6      | Found a runed translucent door.
  2692 | D:6      | Noticed an angel
  2812 | D:7      | Gained mutation: You passively map the area around you.
                  | [Deep Dwarf growth]
  2812 | D:7      | Reached XP level 9. HP: 43/85 MP: 6/6
  2836 | D:7      | Reached skill level 8 in Axes
  2858 | D:7      | Found Fass's Antique Weapon Emporium.
  2877 | D:7      | Bought an ancient broad axe for 216 gold pieces
  2877 | D:7      | Identified the +2 broad axe "Bopsui" {antimagic, rPois rC+
                  | MP+9} (You bought it in a shop on level 7 of the Dungeon)
  2954 | D:7      | Found a staircase to the Ecumenical Temple.
  2995 | Temple   | Entered the Ecumenical Temple
  3032 | Temple   | Became a worshipper of Makhleb the Destroyer
  3052 | D:7      | Found a shadowy altar of Dithmenos.
  3158 | D:7      | Noticed Ozzies's ghost (novice TrMo)
  3159 | D:7      | Noticed a moth of wrath
  3162 | D:7      | Found a transporter.
  3226 | D:7      | Reached skill level 1 in Invocations
  3226 | D:7      | Reached skill level 1 in Evocations
  3323 | D:7      | Found a sand-covered staircase.
  3332 | Ossuary  | Entered an ossuary
  3386 | Ossuary  | Reached * piety under Makhleb
  3663 | D:7      | Found a transporter.
  3805 | D:8      | Noticed a two-headed ogre
  3817 | D:8      | Killed a two-headed ogre
  3817 | D:8      | Reached skill level 9 in Axes
  3817 | D:8      | Reached XP level 10. HP: 68/96 MP: 5/7
  3897 | D:8      | Reached ** piety under Makhleb
  4371 | D:8      | Gained mutation: Your spells are a little easier to cast,
                  | but a little less powerful. [potion of mutation]
  4371 | D:8      | Gained mutation: You are partially covered in rugged brown
                  | scales. (AC +1, +3% HP) [potion of mutation]
  4371 | D:8      | Gained mutation: Your flesh is cold resistant. (rC+)
                  | [potion of mutation]
  4788 | D:9      | Found a staircase to the Lair.
  5029 | D:9      | Noticed a two-headed ogre
  5039 | D:9      | Killed a two-headed ogre
  5039 | D:9      | Reached skill level 10 in Axes
  5039 | D:9      | Reached skill level 1 in Dodging
  5252 | D:9      | Found a radiant altar of Vehumet.
  5407 | D:10     | Entered Level 10 of the Dungeon
  5463 | D:10     | Reached *** piety under Makhleb
  5517 | D:10     | Found a staircase to the Orcish Mines.
  5583 | D:10     | Reached XP level 11. HP: 103/109 MP: 6/9
  5606 | D:10     | Noticed a two-headed ogre
  5618 | D:10     | Killed a two-headed ogre
  5618 | D:10     | Reached skill level 5 in Invocations
  5618 | D:10     | Reached skill level 5 in Evocations
  5636 | D:10     | Reached **** piety under Makhleb
  5644 | D:10     | Killed an unseen horror
  5826 | D:10     | Identified the cursed +3 halberd "Juppou" {vorpal, rF+ rN+
                  | MR+ Dex+3 Stlth-}
  6012 | D:11     | Noticed a four-headed hydra
  6016 | D:11     | Noticed Urug
  6041 | D:10     | Killed a ten-headed hydra
  6069 | D:11     | Killed Urug
  6069 | D:11     | Reached skill level 11 in Axes
  6311 | D:11     | Noticed a skeletal warrior
  6317 | D:11     | Noticed Harold
  6373 | D:11     | Killed a skeletal warrior
  6386 | D:11     | Killed Harold
  6386 | D:11     | Reached skill level 10 in Fighting
  6403 | D:11     | Noticed a skeletal warrior
  6403 | D:11     | Noticed a skeletal warrior
  6407 | D:11     | Noticed a skeletal warrior
  6419 | D:11     | Killed a skeletal warrior
  6442 | D:11     | Killed a skeletal warrior
  6450 | D:11     | Killed a skeletal warrior
  6450 | D:11     | Reached XP level 12. HP: 65/119 MP: 6/10
  6790 | D:11     | Reached ***** piety under Makhleb
  7185 | D:12     | Noticed a seven-headed hydra
  7197 | D:12     | Killed a nine-headed hydra
  7290 | D:12     | Noticed Josephine
  7312 | D:12     | Killed Josephine
  7312 | D:12     | Reached skill level 12 in Axes
  7524 | D:12     | Reached skill level 5 in Dodging
  7587 | D:12     | Noticed a centaur warrior
  7597 | D:12     | Killed a centaur warrior
  7615 | D:12     | Found a basalt altar of Yredelemnul.
  8201 | D:13     | Noticed Nessos
  8219 | D:13     | Killed Nessos
  8313 | D:13     | Noticed a centaur warrior
  8321 | D:13     | Reached XP level 13. HP: 115/130 MP: 1/10
  8668 | D:14     | Found a transporter.
  8685 | D:14     | Identified the +4 eveningstar "Qiutrame" {vamp, *Contam rF+
                  | rN++ Dex+2}
  8689 | D:14     | Identified the cursed +2 eveningstar of Extremism {flame,
                  | rPois SInv Stlth+}
  8689 | D:14     | Noticed an orc warlord
  8690 | D:14     | Found a bloodstained altar of Trog.
  8690 | D:14     | Identified the cursed +0 double sword of the Whale
                  | {antimagic, rPois Dex+7}
  8702 | D:14     | Reached skill level 13 in Axes
  8733 | D:14     | Found a transporter.
  8741 | D:14     | Noticed Afeymn's ghost (journeyman BaFi)
  8781 | D:14     | Reached ****** piety under Makhleb
  8816 | D:14     | Reached skill level 10 in Armour
  8862 | D:14     | Found a frozen archway.
  8900 | IceCv    | Entered an ice cave
  9060 | IceCv    | Found an ancient bone altar of Kikubaaqudgha.
  9418 | D:14     | Found a gate to the Vaults.
  9618 | D:14     | Found Kase's Antique Armour Boutique.
  9732 | D:14     | Bought a pair of runed gloves for 210 gold pieces
  9732 | D:14     | Bought a glowing scarf for 224 gold pieces
  9809 | D:14     | Gained mutation: You resist negative energy. (rN+) [Deep
                  | Dwarf growth]
  9809 | D:14     | Reached XP level 14. HP: 136/142 MP: 6/10
 10037 | D:15     | Entered Level 15 of the Dungeon
 10139 | D:15     | Reached skill level 14 in Axes
 10171 | D:15     | Reached skill level 10 in Invocations
 10212 | D:15     | Noticed Louise
 10246 | D:15     | Killed Louise
 10246 | D:15     | Reached skill level 10 in Evocations
 10838 | D:15     | Found a staircase to the Depths.
 11224 | D:7      | Killed Ozzies's ghost
 11307 | Lair:1   | Entered Level 1 of the Lair of Beasts
 12226 | Lair:3   | Found a staircase to the Snake Pit.
 12348 | Lair:3   | Reached skill level 15 in Axes
 12603 | Lair:3   | Found a staircase to the Swamp.
 12693 | Snake:1  | Entered Level 1 of the Snake Pit
 12719 | Snake:1  | Reached XP level 15. HP: 151/151 MP: 0/12
 13073 | Snake:1  | Identified the Handbook of Battle Magic
 13513 | Snake:3  | Noticed a nagaraja
 13526 | Snake:3  | Killed a nagaraja
 13592 | Snake:3  | Found Iwisoom's Jewellery Shop.
 13781 | Snake:4  | Entered Level 4 of the Snake Pit
 13887 | Snake:4  | Noticed a nagaraja
 13892 | Snake:4  | Noticed a nagaraja
 13899 | Snake:4  | Killed a nagaraja
 13921 | Snake:4  | Killed a nagaraja
 14016 | Snake:4  | Noticed a nagaraja
 14019 | Snake:4  | Noticed a nagaraja
 14020 | Snake:4  | Noticed a nagaraja
 14027 | Snake:4  | Killed a nagaraja
 14034 | Snake:4  | Noticed a nagaraja
 14049 | Snake:4  | HP: 7/154 [balrug/+0 demon whip of pain[the player
                  | character] (19)]
 14053 | Snake:4  | HP: 2/154 [balrug/+0 demon whip of pain[the player
                  | character] (22)]
 14053 | Snake:4  | Killed a nagaraja
 14062 | Snake:4  | Killed a nagaraja
 14066 | Snake:4  | Reached skill level 16 in Axes
 14067 | Snake:4  | Killed a nagaraja
 14130 | Snake:4  | Noticed a nagaraja
 14145 | Snake:4  | Killed a nagaraja
 14215 | Snake:4  | Noticed a nagaraja
 14223 | Snake:4  | Reached XP level 16. HP: 139/163 MP: 6/10
 14231 | Snake:4  | Reached skill level 10 in Dodging
 14350 | Snake:4  | Got a serpentine rune of Zot
 14631 | Swamp:1  | Entered Level 1 of the Swamp
 14885 | Swamp:3  | Noticed Nikola
 14925 | Swamp:3  | HP: 5/164 [19-headed hydra (10)]
 14925 | Swamp:3  | HP: 2/164 [19-headed hydra (3)]
 14925 | Swamp:3  | Slain by a 19-headed hydra

Illustrated notes

Levels and vault maps discovered:
D:1:      zaba_arrival_water, layout_rooms, minmay_strange_pillars,
          corexii_item_surrounded_by_moat, minmay_tetromino_l4
D:2:      minmay_roachtagon, layout_loops_ring, chequers_ecumenical_altar_grove,
          makhleb_blood_cavern_becter
D:3:      kennysheep_big_flooded_room, layout_basic, st_stairs_14
D:4:      layout_gridville, yredelemnul_forgotten_temple_becter,
          elyvilon_altar_4, uniq_menkaure, uniq_natasha
D:5:      layout_loops_corners, gammafunk_ghost_cemetery,
          hangedman_decor_lopped, hex_tiny, nrook_uturn, uniq_duvessa
D:6:      layout_cave_pods, basic_altar, lemuel_angel_altar, uniq_prince_ribbit1
D:7:      layout_loops_cross, minmay_temple_entry_metal_lava,
          gammafunk_ghost_berserking_beasts, nicolae_ossuary_entry_giza,
          serial_shops, shop, minmay_misc_feat_cross,
          nicolae_dithmenos_through_a_glass_darkly
D:8:      layout_layer_cave, minmay_tree_intersection
D:9:      layout_small_grid, due_lair_maze_entry_diamond, vehumet_altar_wand_db
D:10:     layout_rooms, zombieorc2_lemuel,
          hangedman_abyss_or_decor_jellyfish_corner
D:11:     layout_basic, uniq_urug, uniq_harold
D:12:     layout_loops_corners, yredelemnul_altar_generic, uniq_josephine
D:13:     layout_roguey [special_room_orc], uniq_nessos
D:14:     layout_loops_cross, lightli_vaults_fourway_checkpoint, serial_shops,
          nicolae_shop_overgrown_old_shop, gammafunk_ghost_wrathful_warriors,
          portal_ice_cave_entry_pillars_2, serial_rivers,
          chequers_serial_rivers_micro_b, chequers_serial_rivers_marsh,
          chequers_serial_rivers_small_b, chequers_serial_rivers_micro_c
D:15:     grunt_enter_depths_hoard, layout_long_grid, minivault_25, uniq_louise
Temple:   grunt_wide_crystal_templ
Lair:1:   layout_regular_city, grunt_megastairs_1, lemuel_fruit_fields
Lair:2:   layout_chaotic_city, beast_lair_carwin_11, lemuel_fruit_tree,
          serial_bayou_shore_b
Lair:3:   layout_concentric_octagons, nicolae_swamp_entry_splash_gauntlet,
          dummy_snake_entry, lemuel_fruit_fields
Swamp:1:  layout_falls_marsh, evilmike_swamp_ruin_house_1, swamp_pool2,
          water_boxes_lemuel
Swamp:2:  layout_falls_marsh, hangedman_swamp_ruin_hall
Swamp:3:  layout_falls_marsh, evilmike_swamp_ruin_rubble_2, uniq_nikola,
          uniq_bai_suzhen
Snake:1:  layout_misc_corridors, nrook_guardian_serpent_ordinary
Snake:2:  layout_cave_pods, serial_shops, shop, minmay_shoptagon
Snake:3:  nrook_guardian_serpent_snake_passage, layout_basic,
          minmay_shop_enchanted_jewellery
Snake:4:  grunt_snake_rune_spirals, layout_onion_interference,
          ebering_ghost_gozag, drop_trap, abandoned_shop

Skill      XL: |  1  2  3  4  5  6  7  8  9 10 11 12 13 14 15 16 |
---------------+-------------------------------------------------+-----
Fighting       | 3 4 5 6 8 9 10 11 12 13 14 | 14.4
Axes           | 4 5 6 7 9 10 11 12 13 15 16 | 16.5
Armour         | 4 5 6 7 8 9 10 11 12 | 12.4
Shields        | 4 5 6 7 |  7.5
Invocations    | 2 4 6 8 9 11 12 | 12.6
Evocations     | 2 4 6 8 9 10 | 10.0
Dodging        | 2 4 5 7 8 9 10 | 10.3

Action                   |  1- 3 |  4- 6 |  7- 9 | 10-12 | 13-15 | 16-18 || total
-------------------------+-------+-------+-------+-------+-------+-------++-------
Melee: War axe           |    86 |    65 |   228 |       |       |       ||   379
       Broad axe         |       |       |   143 |   798 |  1267 |   219 ||  2427
Invok: Lesser Servant of |       |       |       |     5 |     5 |     4 ||    14
       Greater Servant o |       |       |       |       |     4 |     2 ||     6
 Abil: Heal Wounds       |     1 |     1 |     9 |    21 |    22 |    14 ||    68
Evoke: Wand              |       |       |       |     3 |     2 |       ||     5
       Condenser vane    |       |       |       |       |     2 |     2 ||     4
  Use: Scroll            |       |       |       |    23 |     8 |       ||    31
       Potion            |       |       |       |     1 |     3 |       ||     4
 Stab: Distracted        |       |       |       |     1 |     3 |     1 ||     5
Armor: Scale mail        |    39 |    15 |       |       |       |       ||    54
       Chain mail        |       |    41 |   327 |   483 |   915 |   278 ||  2044
Dodge: Dodged            |    29 |    22 |   133 |   261 |   597 |   228 ||  1270
Block: Kite shield       |    57 |    34 |   283 |   514 |   387 |       ||  1275
       Tower shield      |       |       |       |       |   810 |   341 ||  1151

Table legend: (Time is in decaauts)
 A = Elapsed time spent in this place.
 B = Non-inter-level travel time spent in this place.
 C = Inter-level travel time spent in this place.
 D = Time resting spent in this place.
 E = Time spent auto-exploring this place.
 F = Levels seen in this place.
 G = Mean time per level.
                   A        B        C        D        E       F      G
               +--------+--------+--------+--------+--------+-----+--------+
         Total |  15206 |  13940 |   1266 |    104 |   8949 |  28 |  543.1 |
       Dungeon |  10895 |  10086 |    809 |    104 |   6671 |  15 |  726.3 |
        Temple |     42 |     33 |      9 |      0 |     31 |   1 |   42.0 |
          Lair |   1440 |   1297 |    143 |      0 |   1027 |   3 |  480.0 |
         Swamp |    302 |    293 |      9 |      0 |    102 |   3 |  100.7 |
     Snake Pit |   1847 |   1551 |    296 |      0 |    854 |   4 |  461.8 |
       Ossuary |    206 |    206 |      0 |      0 |     96 |   1 |  206.0 |
      Ice Cave |    471 |    471 |      0 |      0 |    167 |   1 |  471.0 |
               +--------+--------+--------+--------+--------+-----+--------+

Top non-repeatable levels by time:
     D:5: 1114 daAuts
    D:11: 1066 daAuts
     D:8: 1000 daAuts
    D:14: 960 daAuts
     D:7: 948 daAuts
    D:15: 925 daAuts
    D:12: 871 daAuts
  Lair:2: 797 daAuts
     D:6: 774 daAuts
    D:13: 757 daAuts
    D:10: 729 daAuts
     D:9: 689 daAuts
 Snake:1: 675 daAuts
 Snake:4: 628 daAuts
     D:4: 603 daAuts
